 Dungeon Crawl Stone Soup version 0.30-a0-55-g90e3122c3a (webtiles) character file.

Game seed: 6884710543468479195

11419 omnomnOMINOUS the Destroyer (level 11, -7/77 HPs)
             Began as an Octopode Wanderer on Sept 9, 2022.
             Was an Elder of Lugonu.
             Mangled by a meliai
             ... wielding a +0 hand axe
              (14 damage)
             ... in a Gauntlet.
             The game lasted 00:28:26 (14034 turns).

omnomnOMINOUS the Destroyer (Octopode Wanderer)    Turns: 14034, Time: 00:28:28

Health: -7/77      AC:  6    Str: 12    XL:     11   Next: 77%
Magic:  17/17      EV: 15    Int: 18    God:    Lugonu [****..]
Gold:   640        SH: 10    Dex: 12    Spells: 12/18 levels left

rFire   . . .      SeeInvis +    a - +4 scimitar (freeze)
rCold   + . .      Faith    .    e - +0 buckler {AC+3}
rNeg    . . .      Spirit   .    o - +2 hat {Will+}
rPois   .          Reflect  +    A - amulet of reflection
rElec   .          Harm     .    v - ring of protection from cold
rCorr   +          Rampage  .    F - ring of see invisible
Will    +....      NoTele   +    k - ring of resist corrosion
Stlth   +++.......               (no ring)
HPRegen 0.22/turn                (no ring)
MPRegen 0.15/turn                (no ring)
                                 (no ring)
                                 (no ring)

@: lethally poisoned (-7 -> -40), unable to read
A: almost no armour, amphibious, 8 rings, camouflage 1, gelatinous body 1,
(nimble swimmer 1), tentacles, inability to read after injury 1
a: Renounce Religion, Depart the Abyss, Bend Space, Banish, Corrupt


You were in a Gauntlet.
You worshipped Lugonu.
Lugonu was greatly pleased with you.
You visited 2 branches of the dungeon, and saw 10 of its levels.
You also visited: Gauntlet.

You collected 640 gold pieces.

Inventory:

Hand Weapons
 a - a +4 scimitar of freezing (weapon)
 b - a +0 scimitar of flaming
 c - a +7 vorpal great sword
 m - a +0 falchion of holy wrath
 C - a +1 whip of venom
Missiles
 H - a curare-tipped dart
Armour
 e - a +0 buckler of protection (worn)
 o - a +2 hat of willpower (worn)
Magical Staves
 G - a staff of cold
Jewellery
 k - a ring of resist corrosion (on tentacle)
 v - a ring of protection from cold (left tentacle)
 A - an amulet of reflection (around mantle)
 F - a ring of see invisible (right tentacle)
Wands
 i - a wand of polymorph (6)
 u - a wand of mindburst (22)
 B - a wand of flame (19)
Scrolls
 f - a scroll of magic mapping
 g - 3 scrolls of fog
 h - 6 scrolls of teleportation
 j - 3 scrolls of poison
 n - 2 scrolls of enchant weapon
 r - 2 scrolls of brand weapon
 s - 2 scrolls of torment
 x - 2 scrolls of fear
 y - a scroll of acquirement
 I - a scroll of blinking {unknown}
Potions
 d - a potion of lignification
 l - 2 potions of brilliance
 p - a potion of resistance {unknown}
 q - a potion of ambrosia
 t - 3 potions of heal wounds {unknown}
 w - 2 potions of attraction
 z - 2 potions of degeneration
 D - a potion of mutation {unknown}
 K - a potion of curing
Miscellaneous
 E - a phantom mirror
 J - a piece from Xom's chessboard (15/15)


   Skills:
 + Level 7.8 Fighting
 + Level 5.7 Long Blades
 + Level 7.7 Dodging
 - Level 1.3 Stealth
 - Level 5.0 Shields
 - Level 3.0 Unarmed Combat
 - Level 4.0 Spellcasting
 * Level 9.4 Conjurations
 + Level 7.7 Invocations
 - Level 4.3 Evocations


You had 12 spell levels left.
You knew the following spells:

 Your Spells              Type           Power      Damage    Failure   Level
a - Magic Dart            Conj           100%       1d8       1%          1
b - Mephitic Cloud        Conj/Pois/Air  14%        N/A       16%         3
c - Searing Ray           Conj           74%        2d7       1%          2

Your spell library contained the following spells:

 Spells                   Type           Power      Damage    Failure   Level
 Static Discharge         Conj/Air       40%        3-6/arc   4%          2
 Freeze                   Ice            12%        1d4       19%         1
 Slow                     Hex            12%        N/A       19%         1
 Fulminant Prism          Conj/Hex       10%        3d9       26%         4
 Hailstorm                Conj/Ice       20%        3d6       26%         4
 Sticky Flame             Conj/Fire      20%        2d4       26%         4
 Call Imp                 Summ           3%         N/A       28%         2
 Confusing Touch          Hex            3%         N/A       50%         3
 Frozen Ramparts          Ice            6%         1d1       50%         3
 Vampiric Draining        Necr           3%         2d6       50%         3
 Dispel Undead            Necr           3%         3d7       88%         4
 Yara's Violent Unravell  Hex/Tmut       1%         3d3       99%         5
 Enfeeble                 Hex            1%         N/A       100%        7


Dungeon Overview and Level Annotations

Branches:
Dungeon (8/15)             Temple (0/1) D:6            Lair (2/5) D:8
 Shoals (0/4) Lair:2      Gauntlet (1/1)
  Snake: Lair:2-3    Spider: Lair:2-3

Altars:
Cheibriados
Nemelex Xobeh
Okawaru
Ru
Vehumet
Yredelemnul
Zin
Lugonu

Annotations:
Gauntlet 9 transporters, 2 runed translucent doors


Innate Abilities, Weirdness & Mutations

You cannot wear most types of armour.
You are amphibious.
You can wear up to eight rings at the same time.
Your skin changes colour to match your surroundings (Stealth+).
Your rubbery body absorbs attacks. (AC +1, EV +1)
((You are camouflaged when in or above water. (Stealth+)))
You have tentacles for arms and can constrict up to eight enemies at once.
You occasionally lose the ability to read scrolls when taking damage.


Message History

Lugonu accepts your kill.
The chaos spawn degenerates into a cloud of primal chaos!
You cannot move.
Unknown command.
You start resting.
The death scarab waves its antennae.
Your transformation is almost over.
The death scarab waves its antennae.
You feel less wooden.
Your +2 hat of willpower unmelds from your body.
You feel strong-willed.
The glowing orange brain pulsates ominously.
The meliai buzzes angrily.
You start resting.
HP restored.
Unknown command.
Press: ? - help, v - describe, . - travel
Here: a meliai, wielding a +0 hand axe and wearing a +0 leather armour (fire blocked by a translucent stone wall)
The floor.
Unknown command.
There is a transporter here.
You enter the transporter and appear at another place.
The meliai closely misses you. You block the meliai's attack.
The meliai hits you with a +0 hand axe! The meliai stings you.
The meliai hits you with a +0 hand axe. The meliai stings you!
You are poisoned.
The meliai poisons you! The meliai attacks as you move away!
The meliai hits you with a +0 hand axe!
You feel threatened and lose the ability to read scrolls!
The meliai stings you. The meliai attacks as you move away!
You block the meliai's attack. The meliai stings you.
You are lethally poisoned!
The meliai poisons you!
* * * LOW HITPOINT WARNING * * *
You feel extremely sick.
The meliai calls down the wrath of its god upon you.
Something smites you!
* * * LOW HITPOINT WARNING * * *
The meliai hits you with a +0 hand axe!
You die...

#############
###≈#≈#≈#≈#≈#≈#
###≈#...........##
#§#.............≈# ##
###....#########..## ≈#
#≈.....#..##..y#..≈# ##
##..####.#...###..## ≈#
#§§.#..#.#..#.?#..§# ##
##§.#.©#..#©#@©#..##
≈###≈..#..#..#yy#|#..≈#
##≈##..#..###.y.#.#..##
.......#..#...##..#..§# ##
.......#..#########..###.#
########..#..........##..##
.#....3#..#########..#.....
#..##..#..#G##.#?[#..#...##
##..#..#..##u#..###.8#.©.#


You could see a glowing orange brain and 3 meliai.

Vanquished Creatures
  Gastronok (D:8)
  Erica (D:8)
  Joseph (D:8)
  A black mamba (Lair:2)
  5 cane toads (Lair:1)
  A kobold demonologist (D:8)
  A hornet (D:8)
  Prince Ribbit (D:8)
  3 blink frogs (Lair:1)
  Sigmund (D:3)
  10 yaks
  A wyvern (Lair:2)
  3 chaos spawn (Gauntlet)
  A steam dragon (D:7)
  A neqoxec (Gauntlet)
  4 water moccasins
  An ice beast (D:6)
  A sky beast (D:8)
  3 black bears
  An orc warrior (D:8)
  2 ogres
  5 wolves
  2 centaurs
  A phantom (D:6)
  6 kobold brigands
  A necrophage (D:6)
  A bullfrog (Lair:1)
  A gnoll sergeant (D:7)
  3 scorpions (D:5)
  9 wights (D:7)
  3 howler monkeys
  8 hounds
  3 orc priests
  A jelly (D:5)
  A gnoll bouda (D:7)
  4 iguanas
  Ijyb (D:5)
  4 orc wizards
  2 killer bee zombies (D:7)
  8 adders
  14 gnolls
  A shadow imp (D:7)
  4 white imps
  2 ufetubi
  4 worms
  2 dart slugs
  18 orcs
  4 endoplasms
  A giant cockroach (D:1)
  10 goblins
  7 hobgoblins
  6 jackals
  5 quokkas
  7 ball pythons
  8 bats
  3 frilled lizards
  12 kobolds
  6 rats
222 creatures vanquished.

Vanquished Creatures (others)
  An orc (D:6)
  2 fungi (Lair:2)
  18 plants
21 creatures vanquished.

Grand Total: 243 creatures vanquished

Notes
Turn   | Place    | Note
-------+----------+-------------------------------------------
     0 | D:1      | omnomnOMINOUS the Octopode Wanderer began the quest for the
                  | Orb.
     0 | D:1      | omnomnOMINOUS set off with the following items: a +0 club,
                  | a scroll of fog, a wand of flame (4), a potion of
                  | lignification, a +0 buckler of protection.
     0 | D:1      | Reached XP level 1. HP: 11/11 MP: 1/1
   189 | D:1      | Reached XP level 2. HP: 18/18 MP: 2/2
   562 | D:2      | Reached skill level 1 in Fighting
   572 | D:2      | Reached skill level 1 in Dodging
   572 | D:2      | Reached skill level 1 in Spellcasting
   572 | D:2      | Reached XP level 3. HP: 10/23 MP: 4/4
   998 | D:2      | Found a faded altar of an unknown god.
  1452 | D:3      | Reached XP level 4. HP: 28/28 MP: 6/6
  1510 | D:3      | Noticed Sigmund
  1521 | D:3      | Killed Sigmund
  1522 | D:3      | Reached XP level 5. HP: 23/35 MP: 6/8
  1641 | D:3      | Reached XP level 6. HP: 41/41 MP: 9/9
  1808 | D:3      | Found a glowing silver altar of Zin.
  1808 | D:3      | Noticed an angel
  2538 | D:2      | Prayed at the altar of an unknown god.
  2538 | D:2      | Became a worshipper of Lugonu the Unformed
  2538 | D:2      | Reached * piety under Lugonu
  2538 | D:2      | Reached ** piety under Lugonu
  3600 | D:4      | Reached skill level 1 in Invocations
  3850 | D:4      | Found a snail-covered altar of Cheibriados.
  4131 | D:5      | Entered Level 5 of the Dungeon
  4132 | D:5      | Found a sacrificial altar of Ru.
  4133 | D:5      | Found an iron altar of Okawaru.
  4145 | D:5      | Reached XP level 7. HP: 34/46 MP: 11/11
  4883 | D:5      | Reached XP level 8. HP: 54/54 MP: 13/13
  5374 | D:5      | Noticed Ijyb
  5385 | D:5      | Killed Ijyb
  5557 | D:6      | Learned a level 1 spell: Magic Dart
  5561 | D:6      | Learned a level 3 spell: Mephitic Cloud
  5834 | D:6      | Reached skill level 1 in Conjurations
  5955 | D:6      | Found a staircase to the Ecumenical Temple.
  6013 | D:6      | Reached skill level 2 in Conjurations
  6317 | D:6      | Found a radiant altar of Vehumet.
  6326 | D:6      | Reached *** piety under Lugonu
  6414 | D:6      | Reached skill level 5 in Shields
  6449 | D:6      | Reached skill level 3 in Conjurations
  6694 | D:6      | Reached XP level 9. HP: 60/60 MP: 15/15
  7058 | D:7      | Reached skill level 5 in Fighting
  7076 | D:7      | Reached skill level 5 in Dodging
  7076 | D:7      | Reached skill level 4 in Conjurations
  7466 | D:7      | Reached skill level 1 in Long Blades
  7978 | D:7      | Found a sparkling altar of Nemelex Xobeh.
  8022 | D:7      | Reached skill level 5 in Conjurations
  8254 | D:7      | Reached skill level 5 in Invocations
  8805 | D:7      | Found a basalt altar of Yredelemnul.
  8830 | D:8      | Found a staircase to the Lair.
  8871 | D:8      | Noticed Prince Ribbit
  8888 | D:8      | Noticed Gastronok
  8924 | D:8      | Noticed Erica
  9241 | D:8      | Killed Prince Ribbit
  9244 | D:8      | Noticed Joseph
  9252 | D:8      | Reached XP level 10. HP: 62/68 MP: 11/16
  9254 | D:8      | Killed Joseph
  9255 | D:8      | Reached skill level 6 in Conjurations
  9436 | D:7      | Reached **** piety under Lugonu
  9987 | D:8      | Noticed a kobold demonologist
  9998 | D:8      | Killed a kobold demonologist
 10207 | D:8      | Killed Gastronok
 10208 | D:8      | Reached skill level 7 in Conjurations
 10214 | D:8      | Killed Erica
 10832 | Lair:1   | Entered Level 1 of the Lair of Beasts
 10854 | Lair:1   | Noticed a cane toad
 10871 | Lair:1   | Reached XP level 11. HP: 36/75 MP: 17/17
 10875 | Lair:1   | Reached skill level 8 in Conjurations
 11205 | Lair:1   | Learned a level 2 spell: Searing Ray
 11877 | Lair:1   | Reached skill level 5 in Long Blades
 13123 | Lair:2   | Reached skill level 9 in Conjurations
 13226 | Lair:2   | Found a staircase to the Shoals.
 13235 | Lair:2   | Found a gate leading to a gauntlet.
 13238 | Lair:2   | Noticed a five-headed hydra
 13242 | Gauntlet | Entered a Gauntlet
 13242 | Gauntlet | Noticed a moth of wrath
 13242 | Gauntlet | Found a transporter.
 13242 | Gauntlet | Found a transporter.
 13505 | Gauntlet | Found a transporter.
 13523 | Gauntlet | Found a transporter.
 13523 | Gauntlet | Found a transporter.
 13523 | Gauntlet | Found a transporter.
 13525 | Gauntlet | Found a transporter.
 13525 | Gauntlet | Found a transporter.
 13527 | Gauntlet | Noticed a green ugly thing
 13538 | Gauntlet | Found a transporter.
 13553 | Gauntlet | Noticed a glowing orange brain
 13554 | Gauntlet | Found a transporter.
 13561 | Gauntlet | Noticed a death scarab
 13562 | Gauntlet | Found a runed translucent door.
 13564 | Gauntlet | Found a transporter.
 13564 | Gauntlet | Noticed a spectral catoblepas
 13566 | Gauntlet | Found a runed translucent door.
 13572 | Gauntlet | Noticed a death scarab
 13572 | Gauntlet | Noticed a spectral death yak
 13578 | Gauntlet | Found a transporter.
 13598 | Gauntlet | Found a transporter.
 13599 | Gauntlet | Found a runed translucent door.
 13613 | Gauntlet | Found a transporter.
 13681 | Gauntlet | Identified a scroll of acquirement
 13746 | Gauntlet | Upgraded the game from 0.30-a0-54-g2e61a25929 to
                  | 0.30-a0-55-g90e3122c3a
 13781 | Gauntlet | Gained mutation: You occasionally lose the ability to read
                  | scrolls when taking damage. [a neqoxec]
 14034 | Gauntlet | Mangled by a meliai

Illustrated notes

Levels and vault maps discovered:
D:1:      heliophobic_arrival_battle_scene, layout_rooms, feat_on_display
D:2:      layout_basic, nicolae_ecumenical_oubliette
D:3:      layout_loops_cross, zin_angel, nrook_mini_backslash,
          minmay_box_of_dots, uniq_sigmund
D:4:      layout_basic, mainiacjoe_overflow_alcove_1, nicolae_grassy_gnolls
D:5:      layout_basic, jmf_multi_god_temple, chequers_big_river, uniq_ijyb
D:6:      layout_loops_ring, fiery_altar_vehumet, lemuel_temple_firewalk_a
D:7:      layout_basic, nemelex_diamond_rough_becter,
          lemuel_zombie_altar_yredelemnul
D:8:      layout_rooms, lair_entry_dummy, special_room [special_room_kobold],
          uniq_joseph, uniq_erica, uniq_gastronok, uniq_prince_ribbit1
Lair:1:   layout_chaotic_city, grunt_megastairs_1, infiniplex_staircase_pool
Lair:2:   beast_lair_carwin_large_2, layout_hall_layers,
          elwin_shoals_entry_rocks, gammafunk_ghost_arena,
          gauntlet_entry_generic
Gauntlet: gammafunk_gauntlet_mixed_choke_point
          [minmay_gauntlet_arena_77_block_sizes, minmay_gauntlet_arena_77_fan,
          minmay_gauntlet_arena_77_path, gammafunk_gauntlet_arena_teeth,
          minmay_gauntlet_arena_77_squiggly,
          minmay_gauntlet_arena_77_tiled_triplets,
          minmay_gauntlet_arena_77_shame_cube, gauntlet_exit_watery]

Skill      XL: |  1  2  3  4  5  6  7  8  9 10 11 |
---------------+----------------------------------+-----
Fighting       | 1 2 3 4 5 7 |  7.8
Dodging        | 1 2 3 4 5 6 7 |  7.7
Spellcasting   | 1 2 3 4 |  4.0
Shields        | 3 4 5 |  5.0
Invocations    | 1 2 4 5 6 7 |  7.7
Conjurations   | 3 5 7 9 |  9.4
Long Blades    | 2 4 5 |  5.7
Stealth        | |  1.3
Unarmed Combat | |  3.0
Evocations     | |  4.3

Action                   |  1- 3 |  4- 6 |  7- 9 | 10-12 || total
-------------------------+-------+-------+-------+-------++-------
Melee: Whip              |    59 |   114 |   229 |       ||   402
       Tentacles         |    14 |    21 |    62 |    49 ||   146
       Constrict         |    14 |    30 |    49 |    33 ||   126
       Scimitar          |     2 |       |    88 |   213 ||   303
       Club              |     2 |       |       |       ||     2
       Punch             |     1 |     5 |    14 |     5 ||    25
       Falchion          |       |       |     1 |       ||     1
 Cast: Mephitic Cloud    |       |       |     5 |     9 ||    14
       Magic Dart        |       |       |     4 |     2 ||     6
       Searing Ray       |       |       |       |     6 ||     6
  Use: Potion            |       |     1 |     5 |     9 ||    15
       Scroll            |       |       |       |    17 ||    17
 Stab: Sleeping          |    12 |    12 |     5 |     2 ||    31
       Distracted        |       |     1 |     2 |       ||     3
       Confused          |       |       |     2 |     1 ||     3
Armor: Skin              |    14 |    18 |    54 |    65 ||   151
Dodge: Dodged            |    27 |    72 |   146 |   105 ||   350
Block: Buckler           |     3 |    15 |   139 |   127 ||   284
       Reflection        |       |       |     8 |     2 ||    10

Table legend: (Time is in decaauts)
 A = Elapsed time spent in this place.
 B = Non-inter-level travel time spent in this place.
 C = Inter-level travel time spent in this place.
 D = Time resting spent in this place.
 E = Time spent auto-exploring this place.
 F = Levels seen in this place.
 G = Mean time per level.
                   A        B        C        D        E       F      G
               +--------+--------+--------+--------+--------+-----+--------+
         Total |  14172 |  13537 |    635 |   4853 |   6427 |  11 | 1288.4 |
       Dungeon |  10936 |  10360 |    576 |   3004 |   5626 |   8 | 1367.0 |
          Lair |   2438 |   2379 |     59 |   1404 |    678 |   2 | 1219.0 |
      Gauntlet |    796 |    796 |      0 |    444 |    123 |   1 |  796.0 |
               +--------+--------+--------+--------+--------+-----+--------+

Top non-repeatable levels by time:
     D:7: 3027 daAuts
  Lair:1: 2259 daAuts
     D:4: 1513 daAuts
     D:6: 1506 daAuts
     D:5: 1413 daAuts
     D:3: 1165 daAuts
     D:2: 913 daAuts
     D:8: 825 daAuts
Gauntlet: 796 daAuts
     D:1: 571 daAuts
  Lair:2: 179 daAuts
